 Dungeon Crawl Stone Soup version 0.29.1-15-g9cfb28693d (webtiles) character file.

Game seed: 649032060069830041

120 Thatpatchoflichen the Ducker (level 5, -4/41 HPs)
             Began as a Human Gladiator on Mar 2, 2023.
             Killed from afar by an orc wizard (6 damage)
             ... with a magic dart
             ... on level 3 of the Dungeon.
             The game lasted 00:03:43 (2895 turns).

Thatpatchoflichen the Ducker (Human Gladiator)      Turns: 2895, Time: 00:03:43

Health: -4/41      AC:  7    Str: 14    XL:     5   Next: 25%
Magic:  5/5        EV: 10    Int: 11    God:
Gold:   127        SH:  0    Dex: 17    Spells: 4/4 levels left

rFire   . . .      SeeInvis .   a - +0 long sword
rCold   + . .      Faith    .   (no shield)
rNeg    . . .      Spirit   .   q - +0 scale mail
rPois   +          Reflect  .   p - +0 helmet
rElec   .          Harm     .   (no cloak)
rCorr   .          Rampage  .   (no gloves)
Will    .....                   (no boots)
Stlth   ..........              (no amulet)
HPRegen 0.13/turn               s - ring of Puladdir {rPois rC+ Int+3}
MPRegen 0.09/turn               (no ring)

@: no status effects
A: no striking features
a: no special abilities


You were on level 3 of the Dungeon.
You visited 1 branch of the dungeon, and saw 3 of its levels.

You collected 127 gold pieces.

Inventory:

Hand Weapons
 a - a +0 long sword (weapon)
Missiles
 d - 3 throwing nets
 e - a javelin (quivered)
Armour
 l - a +0 chain mail
 p - a +0 helmet (worn)
 q - a +0 scale mail (worn)
Jewellery
 s - the ring of Puladdir (left hand) {rPois rC+ Int+3}
   (You found it on level 2 of the Dungeon)

   [ring of protection from cold]

   Int:       It affects your intelligence (+3).
   rC:        It protects you from cold.
   rPois:     It protects you from poison.
Wands
 n - a wand of quicksilver (9)
Scrolls
 f - a scroll of poison {unknown}
 g - 2 scrolls of torment {unknown}
 h - a scroll of teleportation {unknown}
 j - 2 scrolls of identify {unknown}
 r - a scroll of summoning {unknown}
Potions
 b - 2 potions of curing {unknown}
 c - a potion of heal wounds {unknown}
 i - a potion of degeneration {unknown}
 k - a potion of attraction {unknown}
 m - a potion of might {unknown}
 o - a potion of invisibility {unknown}


   Skills:
 + Level 3.3 Fighting
 - Level 4.0 Long Blades
 - Level 2.0 Throwing
 - Level 4.0 Dodging


You had 4 spell levels left.
You didn't know any spells.
Your spell library contained the following spells:

 Spells                   Type           Power      Damage    Failure   Level
 Beastly Appendage        Tmut           0%         N/A       85%         1
 Scorch                   Fire           0%         2d5       94%         2
 Wereblood                Tmut           0%         N/A       94%         2
 Spider Form              Tmut/Pois      0%         N/A       99%         3
 Flame Wave               Conj/Fire      0%         2d4       100%        4
 Summon Cactus Giant      Summ           0%         N/A       100%        6


Dungeon Overview and Level Annotations

Branches:
Dungeon (3/15)

Altars:


Message History

You now have 127 gold pieces (gained 7).
You see here a +0 leather armour.
Done exploring.
Done exploring.
There is a stone staircase leading down here.
You climb downwards.
There is a stone staircase leading up here.
An orc and an orc priest come into view.
The orc shouts!
The orc priest shouts!
You hear a shout! x2
An orc wizard comes into view. It is wielding a +0 dagger. x2
The orc priest mumbles some strange prayers to Beogh against you.
Beogh smites you!
You hear a shout!
An orc comes into view. It is wielding a +0 flail.
The orc wizard mumbles some strange words.
The orc wizard flickers and vanishes!
Deactivating autopickup; reactivate with Ctrl-A.
The orc moves out of view.
The orc priest mumbles some strange prayers to Beogh against you.
Beogh smites you!
You hit the orc.
The orc is heavily wounded.
The orc hits you but does no damage.
You hit the orc.
You kill the orc!
The orc priest calls down the wrath of Beogh upon you.
Beogh smites you!
* * * LOW HITPOINT WARNING * * *
The orc wizard casts a spell at you. You resist with some effort.
The orc wizard gestures at you while chanting.
You resist with some effort.
The orc wizard points at you and mumbles some strange words.
You resist with some effort. The orc wizard casts a spell at you.
The magic dart hits you.
* * * LOW HITPOINT WARNING * * *
The orc wizard gestures at you while chanting.
The magic dart hits you.
You die...

#.#####
#.....#
#####.#
#.# #.#
#.# #.#
#.# #@#
#.# #.#
#.# #.#
#.# #o#
#{#
#.#####.##


You could see an orc wizard.

Vanquished Creatures
  Terence (D:2)
  Robin (D:2)
  3 adders
  A dart slug (D:1)
  An orc (D:3)
  2 endoplasms
  3 giant cockroaches
  10 goblins
  8 hobgoblins
  A kobold (D:1)
  3 quokkas
  A ball python (D:2)
  10 bats
  3 frilled lizards
  5 rats
53 creatures vanquished.

Notes
Turn   | Place    | Note
-------+----------+-------------------------------------------
     0 | D:1      | Thatpatchoflichen the Human Gladiator began the quest for
                  | the Orb.
     0 | D:1      | Reached XP level 1. HP: 16/16 MP: 1/1
   260 | D:1      | You fall into a shaft and drop 1 floor!
   400 | D:1      | Reached XP level 2. HP: 20/22 MP: 2/2
   945 | D:1      | Reached XP level 3. HP: 22/28 MP: 3/3
   967 | D:2      | Noticed Robin
  1440 | D:2      | Killed Robin
  1441 | D:2      | Reached XP level 4. HP: 10/34 MP: 4/4
  1851 | D:2      | Noticed Terence
  1861 | D:2      | Killed Terence
  2362 | D:2      | Reached XP level 5. HP: 37/41 MP: 5/5
  2486 | D:2      | Identified the ring of Puladdir {rPois rC+ Int+3}
  2893 | D:3      | HP: 2/41 [orc wizard/magic dart (6)]
  2895 | D:3      | Killed from afar by an orc wizard

Illustrated notes

Levels and vault maps discovered:
D:1:      lemuel_arrival_lava_pool, layout_rooms
D:2:      minmay_chambers_of_twos, layout_loops_ring, st_stairs_1, uniq_robin,
          uniq_terence
D:3:      layout_loops_ring, mainiacjoe_overflow_catwalk,
          gammafunk_ghost_mausoleum, minmay_between

Skill      XL: |  1  2  3  4  5 |
---------------+----------------+-----
Fighting       | 3 |  3.3
Dodging        | 4 |  4.0
Long Blades    | 4 |  4.0
Throwing       | |  2.0

Action                   |  1- 3 |  4- 6 || total
-------------------------+-------+-------++-------
Melee: Long sword        |    78 |    55 ||   133
       Punch             |     1 |     2 ||     3
Armor: Ring mail         |    62 |     1 ||    63
       Scale mail        |       |    23 ||    23
Dodge: Dodged            |    88 |    45 ||   133
